Map: Eternal Empire LE

Players

Syrax - Winner!

  • Race: Terran Terran
  • League: Diamond
  • Spawn Location: 7:00

butterfly

  • Race: Terran Terran
  • League: Master
  • Spawn Location: 1:00

VOD

Have the link to the VOD?

Description

Time

  • Played on: April 24, 2020, 10:13 p.m.
  • Length: 11:08
Show
View Real Time Build Order
Export as new Build Order

Syrax Terran - Winner!

Build Orders:  

Get SALT Encoding   

  12  0:00  SCV  
  13  0:12  SCV  
  14  0:17  Supply Depot  
  14  0:25  SCV  
  15  0:39  SCV  
  15  0:40  Barracks  
  16  0:51  SCV  
  17  1:03  SCV  
  18  1:15  SCV  
  19  1:26  Marine  
  19  1:27  Orbital Command  
  19  1:31  Command Center  
  20  1:47  Barracks  
  20  1:51  Marine  
  21  1:54  Supply Depot  
  21  1:55  SCV  
  22  2:07  SCV  
  22  2:08  Barracks  
  23  2:15  Marine  
  23  2:20  Refinery x2  
  24  2:29  SCV  
  25  2:42  SCV, Marine  
  25  2:43  Marine  
  27  2:58  Barracks Tech Lab  
  27  2:59  SCV  
  27  3:00  Orbital Command, Marine  
  29  3:10  Marine  
  29  3:11  SCV  
  31  3:17  Marine, Stimpack  
  31  3:18  Marine  
  33  3:26  SCV x2  
  35  3:32  Marine  
  36  3:34  Marine  
  36  3:36  Factory  
  36  3:38  Marine  
  36  3:40  SCV x2  
  40  3:45  Supply Depot  
  40  3:52  SCV x2  
  40  3:53  Marine  
  44  3:57  Barracks Reactor x2  
  43  4:04  SCV x2, Refinery  
  43  4:08  Supply Depot  
  45  4:14  Engineering Bay  
  45  4:17  Engineering Bay  
  45  4:19  SCV x2, Marine  
  45  4:21  Starport  
  45  4:22  Factory Reactor  
  48  4:31  SCV x2  
  50  4:35  Marine x4  
  50  4:37  Marine  
  55  4:43  SCV x2  
  57  4:52  Supply Depot  
  57  4:55  SCV  
  57  4:56  SCV  
  58  5:00  Marine x4  
  62  5:07  Supply Depot  
  62  5:09  Combat Shield  
  62  5:10  Factory Tech Lab  
  62  5:14  Marine, Medivac x2  
  67  5:15  SCV x2  
  67  5:18  Refinery  
  69  5:22  Supply Depot  
  69  5:25  Marine  
  69  5:28  Marine x3  
  70  5:30  SCV  
  70  5:31  SCV  
  70  5:34  Marine  
  76  5:35  Terran Infantry Weapons Level 1  
  76  5:39  Terran Infantry Armor Level 1  
  76  5:47  Marine x4  
  80  6:00  Marine  
  80  6:02  SCV x2  
  83  6:04  Marine x2  
  83  6:05  Marine  
  83  6:07  Marine  
  80  6:14  Siege Tank  
  80  6:15  Medivac  
  86  6:18  Supply Depot  
  86  6:21  Supply Depot, Medivac  
  86  6:31  Command Center  
  86  6:40  Marine x5  
  91  6:57  Marine x4  
  91  7:00  SCV x2  
  91  7:01  Marine  
  92  7:05  Supply Depot  
  88  7:15  Marine x3  
  79  7:16  Marine  
  79  7:19  Marine  
  79  7:21  Siege Tank  
  87  7:28  SCV x2  
  80  7:33  Marine x2  
  80  7:34  Barracks x2  
  80  7:35  Barracks  
  80  7:36  Armory  
  82  7:43  Marine x3  
  85  7:46  Medivac x2  
  89  7:54  Marine  
  89  7:55  SCV x2  
  89  7:56  Orbital Command  
  85  8:16  Viking x2  
  85  8:22  Marine x5  
  90  8:36  SCV x3  
  93  8:41  Marine x4  
  93  8:42  Barracks Reactor  
  93  8:43  Marine, Barracks Reactor  
  93  8:48  SCV x3  
  101  8:49  Viking  
  101  8:51  Terran Infantry Weapons Level 2  
  103  8:59  Marine x2  
  103  9:00  Marine  
  103  9:01  Marine  
  107  9:04  Viking  
  107  9:07  Siege Tank  
  112  9:13  SCV x2  
  112  9:14  SCV  
  115  9:22  Supply Depot  
  115  9:23  Marine, Supply Depot  
  115  9:24  Marine x6  
  117  9:25  Marine  
  117  9:26  Marine  
  124  9:33  Refinery x2  
  124  9:44  Siege Tank, Medivac x2  
  131  9:53  Marine x3  
  131  9:54  Marine x4, Barracks Reactor  
  131  9:55  Marine  
  139  10:01  SCV x2  
  139  10:03  Supply Depot  
  139  10:04  Supply Depot  
  139  10:05  SCV  
  140  10:11  Marine x3  
  140  10:12  Marine  
  140  10:16  SCV  
  141  10:25  SCV x2, Siege Tank, Viking x2  
  151  10:28  SCV  
  151  10:32  Marine x6  
  157  10:40  Marine  
  157  10:42  Marine  
  156  10:47  Marine x3  
  147  10:53  SCV x3  
  154  11:04  Command Center  
Show
View Real Time Build Order
Export as new Build Order

butterfly Terran 

Build Orders:  

Get SALT Encoding   

  12  0:01  SCV  
  13  0:13  SCV  
  14  0:18  Supply Depot  
  14  0:26  SCV  
  15  0:31  Refinery  
  15  0:39  SCV  
  16  0:45  Barracks  
  16  0:51  SCV  
  17  1:04  SCV  
  18  1:16  SCV  
  19  1:28  SCV  
  20  1:33  Reaper  
  21  1:40  Orbital Command  
  21  1:47  Command Center  
  21  2:00  Factory  
  22  2:08  SCV  
  22  2:10  Supply Depot  
  22  2:15  Refinery  
  22  2:16  Barracks Reactor  
  22  2:20  SCV  
  23  2:32  SCV  
  24  2:44  SCV  
  24  2:45  Factory Tech Lab  
  24  2:55  Marine  
  24  2:56  Marine  
  24  2:58  SCV  
  27  2:59  Orbital Command  
  27  3:05  Starport  
  27  3:09  Refinery  
  27  3:10  SCV  
  27  3:12  Siege Tank  
  31  3:13  Marine x2  
  33  3:22  SCV  
  33  3:25  SCV  
  35  3:30  Supply Depot  
  35  3:33  Marine x2  
  37  3:34  SCV  
  37  3:37  SCV  
  39  3:42  Starport Tech Lab  
  39  3:46  SCV  
  39  3:47  Supply Depot  
  40  3:49  SCV  
  40  3:51  Siege Tank  
  44  3:58  SCV  
  44  4:01  SCV  
  46  4:07  Raven, Supply Depot  
  48  4:10  SCV, Marine  
  48  4:11  Marine  
  48  4:16  SCV  
  52  4:22  SCV  
  53  4:26  Siege Tank  
  53  4:28  SCV  
  57  4:33  Supply Depot  
  57  4:34  SCV, Marine x2  
  60  4:46  Command Center  
  60  4:49  SCV x2  
  60  4:51  Refinery  
  60  4:52  Marine x2  
  64  4:56  Raven  
  65  5:01  SCV x2  
  65  5:06  Supply Depot  
  67  5:07  Supply Depot, Siege Tank  
  67  5:10  Marine x2  
  67  5:13  SCV  
  73  5:16  Barracks  
  73  5:19  SCV  
  74  5:25  SCV  
  74  5:28  Marine x2  
  77  5:31  SCV  
  78  5:38  SCV  
  78  5:41  Supply Depot x2  
  78  5:42  Raven  
  79  5:43  SCV  
  79  5:45  Marine  
  79  5:46  Marine  
  79  5:47  Fusion Core  
  84  5:50  SCV  
  85  6:00  Orbital Command  
  64  6:18  Marine x2  
  66  6:19  Barracks Tech Lab  
  66  6:23  Barracks  
  66  6:25  Barracks  
  66  6:26  Barracks, Engineering Bay  
  66  6:27  Engineering Bay  
  66  6:32  Armory  
  66  6:36  Marine x2, Siege Tank  
  71  6:43  Marine  
  71  6:46  Battlecruiser  
  78  6:53  Marine x2  
  65  7:20  Marine x2  
  65  7:21  Marine x2  
  56  7:35  SCV  
  56  7:36  SCV x2  
  59  7:38  Marine  
  59  7:40  Terran Infantry Weapons Level 1, Terran Infantry Armor Level 1  
  60  7:48  SCV  
  60  7:49  SCV x2  
  60  7:51  Marine x2  
  63  7:53  Stimpack  
  65  8:00  SCV  
  65  8:01  SCV x2  
  65  8:02  Barracks x2  
  68  8:23  Barracks Reactor  
  68  8:24  Marine x3, Barracks Reactor  
  71  8:29  SCV x3  
  74  8:36  Supply Depot  
  74  8:38  Supply Depot  
  74  8:41  SCV x3  
  74  8:42  Marine x3  
  74  8:44  Barracks x2  
  74  8:46  Missile Turret x2  
  80  8:53  SCV x2  
  80  8:54  SCV  
  83  8:57  Orbital Command  
  83  8:59  Marine  
  84  9:05  SCV x2  
  86  9:17  SCV  
  86  9:18  SCV  
  88  9:30  SCV x2  
  90  9:43  Supply Depot  
  90  9:44  Marine x7  
  90  9:45  Marine x2  
  99  9:48  Siege Tank  
  99  9:50  Battlecruiser  
  108  10:02  Marine  
  103  10:26  Orbital Command  
  103  10:35  Marine x9  
Tags
 
Add a new tag
Caveats
  • Supply blocks, unpowered buildings, or Contaminate may cause inaccurate times.
  • Supply counts are checked every 10 seconds.